 Dungeon Crawl Stone Soup version 0.30-a0-626-gd6a5dd7a1f (webtiles) character file.

Game seed: 17258769679935309078

4224 mandoloar the Summoner (level 10, -9/60 HPs)
             Began as a Tengu Summoner on Jan 12, 2023.
             Was an Initiate of Gozag.
             Killed by an exploding themself (36 damage)
             ... ignited by their inner flame
             ... on level 9 of the Dungeon.
             The game lasted 00:47:49 (12417 turns).

mandoloar the Summoner (Tengu Summoner)            Turns: 12417, Time: 00:47:49

Health: -9/60      AC:  9    Str:  8    XL:     10   Next: 30%
Magic:  13/20      EV: 18    Int: 20    God:    Gozag
Gold:   1022       SH:  0    Dex: 15    Spells: 2/21 levels left

rFire   . . .      SeeInvis +    a - staff of air
rCold   + . .      Faith    .    (no shield)
rNeg    . . .      Spirit   .    B - +2 robe {rC+}
rPois   .          Reflect  .    (helmet restricted)
rElec   +          Harm     .    m - +2 cloak
rCorr   .          Rampage  .    s - +1 pair of gloves
Will    .....                    (boots unavailable)
Stlth   +++                      t - amulet of magic regeneration
HPRegen 0.30/turn                r - ring of see invisible
MPRegen 0.57/turn                (no ring)

@: flying quickly and evasively, quick
A: beak, talons 3, nimble flight
a: Renounce Religion, Potion Petition, Call Merchant, Bribe Branch


You were on level 9 of the Dungeon.
You worshipped Gozag.
Gozag was most pleased with you.
You visited 2 branches of the dungeon, and saw 10 of its levels.

You collected 1066 gold pieces.
You paid 44 gold pieces to Gozag.

Inventory:

Hand Weapons
 b - a +3 short sword of draining
Missiles
 g - 57 stones (quivered)
Armour
 f - a scarf of resistance
 m - a +2 cloak (worn)
 s - a +1 pair of gloves (worn)
 B - a +2 robe of cold resistance (worn)
Magical Staves
 a - a staff of air (weapon)
Jewellery
 r - a ring of see invisible (left hand)
 t - an amulet of magic regeneration (around neck)
Wands
 c - a wand of flame (20)
 w - a wand of iceblast (4)
 E - a wand of charming (7)
Scrolls
 e - 2 scrolls of amnesia
 h - a scroll of butterflies {unknown}
 l - 3 scrolls of enchant armour
 u - a scroll of fear
 v - 3 scrolls of blinking
 y - a scroll of enchant weapon
 A - a scroll of fog
Potions
 d - 5 potions of haste
 j - 5 potions of curing
 k - a potion of cancellation
 n - 2 potions of magic
 o - 4 potions of brilliance
 p - 3 potions of resistance
 q - 5 potions of heal wounds {unknown}
 x - 4 potions of mutation {unknown}
 z - a potion of might {unknown}
 C - a potion of lignification {unknown}


   Skills:
 + Level 5.6 Fighting
 + Level 6.6 Dodging
 - Level 5.0 Stealth
 + Level 6.4 Spellcasting
 - Level 3.5 Hexes
 + Level 9.4 Summonings
 - Level 5.0 Air Magic


You had 2 spell levels left.
You knew the following spells:

 Your Spells              Type           Power      Damage    Failure   Level
a - Summon Small Mammal   Summ           100%       N/A       1%          1
b - Call Imp              Summ           44%        N/A       1%          2
c - Call Canine Familiar  Summ           44%        N/A       1%          3
d - Summon Guardian Gole  Hex/Summ       32%        N/A       1%          3
e - Summon Lightning Spi  Summ/Air       52%        N/A       5%          4
f - Summon Cactus Giant   Summ           22%        N/A       32%         6

Your spell library contained the following spells:

 Spells                   Type           Power      Damage    Failure   Level
 Apportation              Tloc           12%        N/A       10%         1
 Magic Dart               Conj           24%        1d4       10%         1
 Necrotise                Necr           24%        1d5       10%         1
 Scorch                   Fire           12%        2d5       16%         2
 Mephitic Cloud           Conj/Pois/Air  19%        N/A       16%         3
 Ozocubu's Armour         Ice            6%         N/A       30%         3
 Flame Wave               Conj/Fire      6%         2d5       69%         4
 Ozocubu's Refrigeration  Ice            3%         4d8       100%        7


Dungeon Overview and Level Annotations

Branches:
Dungeon (9/15)             Temple (1/1) D:7
   Lair: D:8-11         Orc: D:9-12

Altars:
Ashenzari
Cheibriados
Dithmenos
Elyvilon
Fedhas
Gozag
Kikubaaqudgha
Makhleb
Nemelex Xobeh
Okawaru
Qazlal
Ru
Sif Muna
Trog
Vehumet
Wu Jian
Xom
Yredelemnul
Zin
The Shining One

Shops:
D:5 *   D:6 *


Innate Abilities, Weirdness & Mutations

You have a beak for a mouth.
You have claws for feet.
Your magical nature lets you fly swiftly and evasively.


Message History

t - Shout!
Orders for allies: a - Attack new target. r - Retreat! s - Stop attacking. g - Guard the area. f - Follow me.
Anything else - Cancel.
Gang up on whom?
Press: ? - help, Dir - move target, f - cyan ugly thing
Aim: a cyan ugly thing (heavily wounded, ally target) Attack!
Your hound barely misses the cyan ugly thing.
The cyan ugly thing bites your guardian golem.
The cyan ugly thing shocks your guardian golem.
Your guardian golem resists.
Your hound bites the cyan ugly thing but does no damage.
The cyan ugly thing bites your guardian golem!
The cyan ugly thing shocks your guardian golem.
Your guardian golem resists.
Your hound barely misses the cyan ugly thing.
What are your orders? t - Shout!
Orders for allies: a - Attack new target. p - Attack previous target. r - Retreat! s - Stop attacking. g - Guard the area. f - Follow me.
Anything else - Cancel.
Gang up on whom?
Press: ? - help, Dir - move target, f/p - cyan ugly thing
Aim: a cyan ugly thing (moderately wounded) Attack!
Your guardian golem overheats!
The cyan ugly thing bites your guardian golem!
Flame seeps out of your guardian golem.
The cyan ugly thing shocks your guardian golem.
Your guardian golem resists.
Your guardian golem disappears in a puff of smoke!
Your guardian golem explodes!
The fiery explosion engulfs the cyan ugly thing!!
The fiery explosion engulfs you!!!
Ouch! That really hurt!
You die...
Your body crumbles into a pile of gold.

#.......#
#.#
#.......#
#.#
##+######
#.# #.# #.#
#.# #.#
####.# ##
#§○@.# #.##
#u#### #..
#.# #.###h#
#.##.#
#...8.#9#.#
#.~~u.#...#
#~...~#.#.#
#~._.~#.#.#


You could see a cyan ugly thing.

Vanquished Creatures
  A jackal (D:3)
1 creature vanquished.

Vanquished Creatures (collateral kills)
  Pikel (D:6)
  A shadow (D:9)
  3 vampire mosquitoes (D:9)
  A black bear (D:5)
  An orc warrior (D:8)
  An ice beast (D:5)
  A centaur (D:9)
  2 lemures
  2 kobold brigands (D:6)
  3 scorpions
  A bullfrog (D:7)
  A necrophage (D:6)
  5 wights
  5 killer bees
  3 howler monkeys
  An electric eel (D:8)
  3 hounds
  2 jellies
  An orc priest (D:8)
  Terence (D:2)
  2 iguanas
  5 orc wizards
  7 gnolls
  6 adders
  3 white imps
  An ufetubus (D:5)
  A worm (D:4)
  A dart slug (D:1)
  29 orcs
  4 ball pythons
  7 endoplasms
  3 giant cockroaches
  5 goblins
  3 hobgoblins
  5 jackals
  23 kobolds
  A quokka (D:2)
  5 bats
  A frilled lizard (D:3)
  4 rats
155 creatures vanquished.

Vanquished Creatures (others)
  A wizard (D:5)
  Menkaure (D:4)
  Duvessa (D:4)
  A black bear (D:4)
  An ogre (D:7)
  A centaur (D:9)
  A kobold brigand (D:9)
  A gnoll sergeant (D:7)
  A wight (D:8)
  Dowan (D:4)
  6 killer bees (D:7)
  A howler monkey (D:8)
  2 gnoll boudas
  Crazy Yiuf (D:3)
  3 iguanas
  9 gnolls
  8 plants (D:8)
40 creatures vanquished.

Grand Total: 196 creatures vanquished

Notes
Turn   | Place    | Note
-------+----------+-------------------------------------------
     0 | D:1      | mandoloar the Tengu Summoner began the quest for the Orb.
     0 | D:1      | Reached XP level 1. HP: 10/10 MP: 4/4
   303 | D:1      | Reached skill level 5 in Summonings
   307 | D:1      | Reached XP level 2. HP: 15/15 MP: 4/6
   310 | D:1      | Learned a level 2 spell: Call Imp
   821 | D:2      | Reached XP level 3. HP: 17/19 MP: 4/8
   825 | D:2      | Learned a level 3 spell: Call Canine Familiar
   956 | D:2      | Noticed Terence
   986 | D:2      | Killed Terence
   987 | D:2      | Reached XP level 4. HP: 24/24 MP: 2/9
  1099 | D:2      | Reached skill level 6 in Summonings
  1107 | D:2      | Learned a level 3 spell: Summon Guardian Golem
  1372 | D:2      | Gained mutation: Your magical nature lets you fly swiftly
                  | and evasively. [Tengu growth]
  1372 | D:2      | Reached XP level 5. HP: 28/28 MP: 7/11
  1498 | D:2      | Found a snail-covered altar of Cheibriados.
  2288 | D:3      | Found a runed translucent door.
  2289 | D:3      | Noticed Crazy Yiuf
  3440 | D:3      | Killed Crazy Yiuf
  3602 | D:4      | Noticed Duvessa
  3660 | D:4      | Noticed Menkaure
  3660 | D:4      | Noticed a black bear
  3678 | D:4      | Killed a black bear
  3679 | D:4      | Reached skill level 1 in Fighting
  3679 | D:4      | Reached skill level 1 in Hexes
  3679 | D:4      | Reached XP level 6. HP: 21/34 MP: 7/12
  3738 | D:4      | Killed Menkaure
  3846 | D:4      | You are sucked into a shaft and drop 3 floors!
  3846 | D:7      | Found a staircase to the Ecumenical Temple.
  3853 | Temple   | Entered the Ecumenical Temple
  3902 | Temple   | Became a worshipper of Gozag Ym Sagoz the Greedy
  4003 | D:7      | Reached XP level 7. HP: 38/40 MP: 8/14
  4464 | D:6      | Noticed Pikel
  5060 | D:7      | Reached skill level 7 in Summonings
  5111 | D:7      | Reached XP level 8. HP: 45/45 MP: 15/15
  6189 | D:6      | Found Gupeud's Elemental Accessories.
  6203 | D:5      | Entered Level 5 of the Dungeon
  6203 | D:5      | Found Faadoem's General Store.
  6747 | D:4      | Noticed Dowan
  6834 | D:4      | Killed Duvessa
  6861 | D:4      | Killed Dowan
  8304 | D:5      | Learned a level 4 spell: Summon Lightning Spire
  8441 | D:5      | Found a bloodstained altar of Trog.
  8443 | D:5      | Noticed a wizard
  8448 | D:5      | Killed a wizard
  8958 | D:5      | Reached skill level 5 in Spellcasting
  8958 | D:5      | Reached skill level 1 in Air Magic
  8979 | D:5      | Reached XP level 9. HP: 52/52 MP: 17/17
  9156 | D:5      | Reached skill level 8 in Summonings
  9302 | D:5      | Reached skill level 5 in Dodging
  9302 | D:5      | Reached skill level 5 in Stealth
  9724 | D:5      | Identified a scroll of acquirement
  9724 | D:5      | Acquired a staff of air
 10186 | D:6      | Killed Pikel
 10759 | D:6      | Learned a level 6 spell: Summon Cactus Giant
 10958 | D:7      | Reached skill level 5 in Fighting
 11454 | D:8      | Reached skill level 9 in Summonings
 11454 | D:8      | Reached XP level 10. HP: 59/59 MP: 13/20
 11717 | D:8      | Found a white marble altar of Elyvilon.
 11762 | D:8      | Found a burning altar of Makhleb.
 12171 | D:9      | Reached skill level 5 in Air Magic
 12381 | D:9      | Found a sacrificial altar of Ru.
 12381 | D:9      | Noticed a cyan ugly thing
 12417 | D:9      | Killed by an exploding themself... ignited by their inner
                  | flame

Illustrated notes

Levels and vault maps discovered:
D:1:      dpeg_arrival_simpleton_c, layout_basic, dk_noncrumbling_2
D:2:      layout_basic, basic_altar, uniq_terence
D:3:      layout_loops_ring, chequers_decorated_corner, chequers_jeans,
          uniq_crazy_yiuf_cottage
D:4:      layout_basic, nicolae_eternal_life, mrwooster_statue_mirror,
          serial_park_tiny_2, uniq_menkaure, uniq_duvessa
D:5:      layout_loops_cross, trog_wizard, serial_shops, shop,
          hangedman_decor_slide_cut
D:6:      layout_basic, nicolae_elemental_shop, uniq_pikel
D:7:      layout_loops_cross, minmay_temple_entry_slanted
D:8:      layout_cave_pools, nicolae_elyvilon_temple_path,
          mainiacjoe_overflow_alcove_2, hex_medium
D:9:      layout_basic, nicolae_ru_awakened_eye, gammafunk_ghost_stat_death
Temple:   minmay_temple_bridge_d

Skill      XL: |  1  2  3  4  5  6  7  8  9 10 |
---------------+-------------------------------+-----
Summonings     | 5 6 7 9 |  9.4
Spellcasting   | 3 4 5 6 |  6.4
Fighting       | 1 2 3 5 |  5.6
Hexes          | 1 2 3 |  3.5
Dodging        | 3 4 6 |  6.6
Stealth        | 3 4 5 |  5.0
Air Magic      | 1 4 5 |  5.0

Action                   |  1- 3 |  4- 6 |  7- 9 | 10-12 || total
-------------------------+-------+-------+-------+-------++-------
Melee: Unarmed           |     4 |       |       |       ||     4
       Short sword       |       |     2 |     3 |       ||     5
       Kick              |       |     1 |     1 |     1 ||     3
       Peck              |       |       |     1 |     1 ||     2
       Staff             |       |       |       |     1 ||     1
Throw: Stone             |       |     4 |     1 |       ||     5
 Cast: Summon Small Mamm |    12 |       |     2 |       ||    14
       Call Imp          |    10 |     7 |     2 |       ||    19
       Call Canine Famil |     3 |    26 |    54 |     9 ||    92
       Summon Guardian G |       |     7 |    42 |     9 ||    58
       Summon Lightning  |       |       |    20 |    11 ||    31
  Use: Scroll            |       |     7 |     8 |     3 ||    18
Armor: Robe              |     8 |     2 |    13 |     2 ||    25
Dodge: Dodged            |    18 |    16 |    82 |    16 ||   132

Table legend: (Time is in decaauts)
 A = Elapsed time spent in this place.
 B = Non-inter-level travel time spent in this place.
 C = Inter-level travel time spent in this place.
 D = Time resting spent in this place.
 E = Time spent auto-exploring this place.
 F = Levels seen in this place.
 G = Mean time per level.
                   A        B        C        D        E       F      G
               +--------+--------+--------+--------+--------+-----+--------+
         Total |  11848 |  11481 |    367 |   3864 |   4978 |  10 | 1184.8 |
       Dungeon |  11512 |  11155 |    357 |   3642 |   4893 |   9 | 1279.1 |
        Temple |    335 |    325 |     10 |    222 |     84 |   1 |  335.0 |
               +--------+--------+--------+--------+--------+-----+--------+

Top non-repeatable levels by time:
     D:4: 2154 daAuts
     D:7: 2098 daAuts
     D:5: 1601 daAuts
     D:3: 1418 daAuts
     D:2: 1157 daAuts
     D:6: 911 daAuts
     D:8: 903 daAuts
     D:1: 813 daAuts
     D:9: 454 daAuts
  Temple: 335 daAuts
